 Dungeon Crawl Stone Soup version 0.21.1-1-g345015fe64 (webtiles) character file.

18666 Jannitor the Jinx (level 12, -7/97 HPs)
             Began as a Demonspawn Enchanter on June 24, 2018.
             Was a High Priest of Wu Jian.
             Hit by a large rock thrown by a cyclops (42 damage)
             ... on level 12 of the Dungeon.
             The game lasted 00:42:28 (18612 turns).

Jannitor the Jinx (Demonspawn Enchanter)           Turns: 18612, Time: 00:42:29

Health: -7/97      AC:  9    Str:  9    XL:     12   Next: 29%
Magic:  0/16       EV: 14    Int: 21    God:    Wu Jian [*****.]
Gold:   246        SH:  0    Dex: 14    Spells: 6/17 levels left

rFire    . . .     SeeInvis .   k - +6 rapier (elec)
rCold    . . .     Gourm    +   (no shield)
rNeg     . . .     Faith    .   I - +2 robe {Archmagi}
rPois    .         Spirit   +   m - +0 helmet
rElec    .         Reflect  .   t - scarf {Spirit}
rCorr    .         Harm     .   F - +0 pair of gloves (curse)
MR       .....                  (no boots)
Stlth    +++++.....             j - amulet of the gourmand
HPRegen  0.26/turn              (no ring)
MPRegen  0.15/turn              (no ring)

@: no status effects
A: talons 2, rugged brown scales 3, nightstalker 1, spiny 1
a: Wall Jump, Serpent's Lash, Heavenly Storm, Renounce Religion


You were on level 12 of the Dungeon.
You worshipped Wu Jian.
Wu Jian was extremely pleased with you.
You were completely stuffed.

You visited 4 branches of the dungeon, and saw 16 of its levels.

You collected 936 gold pieces.
You spent 690 gold pieces at shops.

Inventory:

Hand Weapons
 a - a +2 dagger
 k - a +6 rapier of electrocution (weapon)
 q - a +6 quick blade
 w - a +3 rapier of venom
 J - a +0 dagger of electrocution
Missiles
 p - 3 throwing nets (quivered)
Armour
 b - a +0 robe
 g - the +3 leather armour "Komm" {rC++}
   (You found it on level 4 of the Dungeon)

   It greatly protects you from cold.
 m - a +0 helmet (worn)
 o - a +1 robe of positive energy
 t - a scarf of spirit shield (worn)
 v - a +0 cloak
 y - a +3 leather armour
 A - a +0 large shield of protection
 F - a cursed +0 pair of gloves (worn)
 I - a +2 robe of the Archmagi (worn)
Jewellery
 j - an amulet of the gourmand (around neck)
Wands
 i - a wand of polymorph (11)
 s - a wand of acid (11)
 u - a wand of clouds (4)
 x - a wand of random effects (39)
 E - a wand of paralysis (20)
Scrolls
 h - 6 scrolls of remove curse
 l - 5 scrolls of magic mapping
 C - 2 scrolls of identify
Potions
 e - a potion of mutation
 n - 2 potions of agility
 r - a potion of cancellation
 z - a potion of ambrosia {unknown}
 B - a potion of degeneration {unknown}
 D - a potion of brilliance
 H - a potion of curing {unknown}
 K - a potion of might
Books
 c - a book of Maledictions

   Spells                             Type                      Level
   a - Corona                         Hexes                        1
   b - Ensorcelled Hibernation        Hexes/Ice                    2
   c - Confuse                        Hexes                        3
   d - Tukima's Dance                 Hexes                        3
   e - Dazzling Spray                 Conjuration/Hexes            3
 f - a book of Cantrips

   Spells                             Type                      Level
   a - Confusing Touch                Hexes                        1
   b - Animate Skeleton               Necromancy                   1
   c - Summon Small Mammal            Summoning                    1
   d - Apportation                    Translocation                1
Comestibles
 d - 20 rations
 G - 4 chunks of flesh


   Skills:
 + Level 7.2 Fighting
 + Level 8.9 Short Blades
 - Level 4.0 Armour
 + Level 4.1 Dodging
 + Level 10.0 Stealth
 - Level 0.2 Shields
 + Level 3.1 Spellcasting
 + Level 10.2 Hexes
 - Level 1.7 Ice Magic
 + Level 6.1 Evocations


You had 6 spell levels left.
You knew the following spells:

 Your Spells              Type           Power        Failure   Level  Hunger
a - Corona                Hex            ######.      1%          1    None
b - Ensorcelled Hibernat  Hex/Ice        #####.       1%          2    ##.....
c - Confusing Touch       Hex            ######       1%          1    None
d - Confuse               Hex            ######..     1%          3    ###....
e - Apportation           Tloc           #.....       13%         1    None
f - Tukima's Dance        Hex            ######..     1%          3    ###....


Dungeon Overview and Level Annotations

Branches:
Dungeon (12/15)            Temple (1/1) D:6            Lair (1/6) D:10
    Orc (2/2) D:10
    Elf: Orc:2

Altars:
Ashenzari
Cheibriados
Dithmenos
Elyvilon
Fedhas
Gozag
Hepliaklqana
Kikubaaqudgha
Makhleb
Nemelex Xobeh
Okawaru
Qazlal
Ru
Sif Muna
Trog
Uskayaw
Vehumet
Wu Jian
Xom
Yredelemnul
Zin
The Shining One
Beogh

Shops:
Orc:1 }

Annotations:
D:10 1 runed door
D:12 Psyche
Orc:1 exclusion: downstairs
Orc:2 Donald


Innate Abilities, Weirdness & Mutations

You have razor-sharp toenails.
You are completely covered in rugged brown scales. (AC +3, +7% HP)
You are slightly more attuned to the shadows.
You are partially covered in sharp spines.


Message History

The quokka moves out of view.
The cyclops moves out of view.
The cyclops is too close now for your liking.
The cyclops throws a large rock.
The large rock hits you!!!
You see here a large rock.
Casting: Confuse
Confirm with . or Enter, or press ? or * to list all spells.
Aiming: Confuse
Press: ? - help, Shift-Dir - straight line, f - cyclops
Aim: a cyclops (chance to defeat MR: 62%)
You feel a surge of power!
The cyclops appears confused.
A cyclops comes into view.
The cyclops shouts!
The adder is struck by your spines. The adder barely misses you.
You puncture the adder!
You kill the adder!
The Council accepts your kill.
The cyclops throws a large rock.
The large rock hits you!!
You see here a large rock.
The cyclops throws a large rock.
The large rock hits you!!!
You die...

#.<................
###..###...C.......
##Y.##..$........
##.....#.####...
####....†(.# ..
#.....#C#..###
#.....#.#(...#
#......####...##....
#......# #.@## ###.
#......####..###
###....##......#
####.##......#
#..#......# #
#......# #.#...)..#
#........# ######
###...)..# #....#


You could see a cyclops.

Vanquished Creatures
  Josephine (D:10)
  A hydra (D:11)
  3 two-headed ogres
  An ogre mage (D:10)
  2 unseen horrors
  Pikel (D:4)
  A cyclops (D:11)
  An ugly thing (D:11)
  Maurice (Orc:1)
  Joseph (D:7)
  3 gargoyles
  A centaur skeleton (D:11)
  A troll (Orc:1)
  A slime creature (D:11)
  Grinder (D:4)
  A hornet (D:8)
  3 wraiths (D:10)
  3 vampires
  12 yaks
  Eustachio (D:4)
  A wyvern (D:11)
  A warg (Orc:1)
  A water moccasin (D:12)
  Duvessa (D:4)
  An ice beast (D:8)
  15 orc warriors
  4 sky beasts
  11 ogres
  3 centaurs
  A crocodile (D:8)
  A big kobold (D:12)
  4 bullfrogs
  Dowan (D:4)
  4 scorpions
  16 killer bees
  4 wights (D:6)
  5 howler monkeys
  6 crimson imps
  2 bullfrog zombies
  A centaur zombie (D:7)
  6 jellies
  A quasit (D:11)
  6 hounds
  14 orc priests
  3 bullfrog skeletons
  13 orc wizards
  Ijyb (D:3)
  5 worker ants
  5 iguanas
  2 killer bee zombies
  A hound zombie (D:7)
  3 worker ant zombies
  Robin (D:2)
  3 gnolls
  13 adders
  2 howler monkey skeletons
  2 shadow imps
  6 oozes
  An adder skeleton (D:5)
  3 worms
  2 dart slugs
  8 leopard geckos
  55 orcs
  5 bats
  6 giant cockroaches
  11 goblins
  5 hobgoblins
  10 jackals
  9 quokkas
  4 frilled lizards
  10 kobolds
  9 rats
348 creatures vanquished.

Vanquished Creatures (others)
  A dancing weapon (D:12)
1 creature vanquished.

Grand Total: 349 creatures vanquished

Notes
Turn   | Place    | Note
-------+----------+-------------------------------------------
     0 | D:1      | Jannitor the Demonspawn Enchanter began the quest for the Orb.
     0 | D:1      | Reached XP level 1. HP: 13/13 MP: 3/3
    31 | D:1      | Reached skill level 1 in Short Blades
   512 | D:1      | Gained mutation: You have sharp toenails. [demonic ancestry]
   512 | D:1      | Reached XP level 2. HP: 19/19 MP: 5/5
   516 | D:1      | Learned a level 2 spell: Ensorcelled Hibernation
  2476 | D:2      | Noticed Robin
  2485 | D:2      | Reached XP level 3. HP: 22/24 MP: 4/6
  3108 | D:3      | Reached skill level 1 in Ice Magic
  3517 | D:2      | Killed Robin
  3817 | D:2      | Gained mutation: You are slightly more attuned to the shadows. [demonic ancestry]
  3817 | D:2      | Reached XP level 4. HP: 30/30 MP: 4/7
  4220 | D:3      | Noticed Ijyb
  4739 | D:3      | Reached XP level 5. HP: 35/35 MP: 3/8
  4821 | D:3      | Learned a level 1 spell: Confusing Touch
  4825 | D:3      | Learned a level 3 spell: Confuse
  4827 | D:3      | Learned a level 1 spell: Apportation
  4865 | D:3      | Found a sparkling altar of Nemelex Xobeh.
  5116 | D:4      | Noticed an ogre
  5714 | D:4      | Gained mutation: You are partially covered in rugged brown scales. (AC +1, +3% HP) [demonic ancestry]
  5714 | D:4      | Reached XP level 6. HP: 25/42 MP: 4/9
  5920 | D:4      | Noticed Dowan
  5931 | D:4      | Noticed a slave
  5931 | D:4      | Noticed a slave
  5951 | D:4      | Noticed Grinder
  5976 | D:4      | Found a shadowy altar of Dithmenos.
  6056 | D:4      | Noticed Eustachio
  6130 | D:4      | Killed Eustachio
  6130 | D:4      | Reached skill level 5 in Hexes
  6228 | D:4      | Got an ichor-stained leather armour
  6239 | D:4      | Identified the +3 leather armour "Komm" {rC++} (You found it on level 4 of the Dungeon)
  6432 | D:4      | Noticed Duvessa
  6707 | D:5      | Entered Level 5 of the Dungeon
  6729 | D:5      | Found a hazy altar of Hepliaklqana.
  6730 | D:5      | Found a stormy altar of Qazlal.
  6730 | D:5      | Noticed a sky beast
  6763 | D:5      | Killed a sky beast
  6763 | D:5      | Reached XP level 7. HP: 40/47 MP: 1/10
  6901 | D:5      | Reached skill level 1 in Armour
  7255 | D:5      | Reached skill level 5 in Stealth
  8024 | D:6      | Gained mutation: You have razor-sharp toenails. [demonic ancestry]
  8024 | D:6      | Reached XP level 8. HP: 44/53 MP: 11/11
  8527 | D:6      | Reached skill level 5 in Short Blades
  8822 | D:6      | Found a staircase to the Ecumenical Temple.
  8828 | Temple   | Entered the Ecumenical Temple
  9073 | Temple   | Became a worshipper of the Wu Jian Council
  9679 | D:7      | Gained mutation: You are mostly covered in rugged brown scales. (AC +2, +5% HP) [demonic ancestry]
  9679 | D:7      | Reached XP level 9. HP: 35/59 MP: 8/12
  9907 | D:7      | Reached * piety under Wu Jian
 10292 | D:7      | Noticed Joseph
 10296 | D:7      | Killed Joseph
 10296 | D:7      | Reached skill level 1 in Fighting
 10853 | D:8      | Found a shattered altar of Ashenzari.
 10853 | D:8      | Found a glowing silver altar of Zin.
 11231 | D:8      | Found a basalt altar of Yredelemnul.
 12015 | D:9      | Noticed a two-headed ogre
 12018 | D:9      | Killed a two-headed ogre
 12018 | D:9      | Reached skill level 1 in Evocations
 12018 | D:9      | Gained mutation: You are completely covered in rugged brown scales. (AC +3, +7% HP) [demonic ancestry]
 12018 | D:9      | Reached XP level 10. HP: 68/75 MP: 13/13
 12248 | D:4      | Killed Duvessa
 12254 | D:4      | Killed Dowan
 12295 | D:4      | Noticed Pikel
 12322 | D:4      | Killed Pikel
 12413 | D:4      | Paralysed by Grinder for 5 turns
 12420 | D:4      | Killed Grinder
 12546 | D:3      | Reached ** piety under Wu Jian
 12547 | D:3      | Killed Ijyb
 12640 | D:10     | Entered Level 10 of the Dungeon
 12640 | D:10     | Noticed a gargoyle
 12643 | D:10     | Killed a gargoyle
 12701 | D:10     | Found a staircase to the Lair.
 12939 | D:10     | Noticed Josephine
 13244 | D:10     | Reached skill level 5 in Fighting
 13322 | Lair:1   | Entered Level 1 of the Lair of Beasts
 13322 | Lair:1   | Noticed an eight-headed hydra
 13370 | D:10     | Reached *** piety under Wu Jian
 13521 | D:10     | Killed Josephine
 13749 | D:10     | Identified 2 scrolls of acquirement
 13758 | D:10     | Noticed a stone giant
 13780 | D:10     | Gained mutation: You are partially covered in sharp spines. [demonic ancestry]
 13780 | D:10     | Reached XP level 11. HP: 73/85 MP: 2/14
 13861 | D:10     | Found a runed door.
 13900 | D:10     | Noticed a two-headed ogre
 13911 | D:10     | Killed an unseen horror
 13915 | D:10     | Noticed an ogre mage
 13966 | D:10     | Killed an ogre mage
 14166 | D:10     | Killed a two-headed ogre
 14442 | D:10     | Found a roughly hewn altar of Beogh.
 14442 | D:10     | Found a staircase to the Orcish Mines.
 14461 | Orc:1    | Entered Level 1 of the Orcish Mines
 14618 | Orc:1    | Noticed Maurice
 14630 | Orc:1    | Killed Maurice
 14742 | D:10     | Noticed a flayed ghost
 14962 | Orc:1    | Learned a level 3 spell: Tukima's Dance
 15513 | Orc:1    | Found Jiol's Gadget Shop.
 15527 | Orc:1    | Reached skill level 5 in Evocations
 15637 | Orc:1    | Bought a wand of paralysis (14) for 240 gold pieces
 15637 | Orc:1    | Bought a wand of acid (11) for 450 gold pieces
 15773 | Orc:2    | Entered Level 2 of the Orcish Mines
 15774 | Orc:2    | Noticed an orc knight
 16042 | Orc:2    | Noticed an orc knight
 16042 | Orc:2    | Noticed an orc high priest
 16042 | Orc:2    | Noticed an orc sorcerer
 16042 | Orc:2    | Noticed an orc knight
 16042 | Orc:2    | Noticed Donald
 16617 | D:11     | Reached **** piety under Wu Jian
 16638 | D:11     | Noticed a purple ugly thing
 16640 | D:11     | Killed a purple ugly thing
 16996 | D:11     | Noticed a four-headed hydra
 16998 | D:11     | Killed a four-headed hydra
 17010 | D:11     | Reached skill level 10 in Hexes
 17335 | D:11     | Reached XP level 12. HP: 87/95 MP: 16/16
 17873 | D:12     | Noticed a two-headed ogre
 17989 | D:11     | Killed a two-headed ogre
 18068 | D:12     | Noticed Psyche
 18421 | D:12     | Reached skill level 10 in Stealth
 18422 | D:12     | Reached ***** piety under Wu Jian
 18612 | D:12     | Hit by a large rock thrown by a cyclops

Skill      XL: |  1  2  3  4  5  6  7  8  9 10 11 12 |
---------------+-------------------------------------+-----
Short Blades   | 1 2 3 4 5 6 7 8 |  8.9
Stealth        | 3 4 5 6 8 9 10 | 10.0
Ice Magic      | 1 |  1.7
Hexes          | 4 5 7 8 9 10 | 10.2
Armour         | 2 4 |  4.0
Fighting       | 3 5 6 7 |  7.2
Evocations     | 1 3 5 6 |  6.1
Dodging        | 3 4 |  4.1
Spellcasting   | 3 |  3.1
Shields        | |  0.2

Action                   |  1- 3 |  4- 6 |  7- 9 | 10-12 || total
-------------------------+-------+-------+-------+-------++-------
Melee: Dagger            |   122 |    67 |     3 |       ||   192
       Kick              |    13 |    13 |    51 |    84 ||   161
       Unarmed           |       |     2 |       |       ||     2
       Rapier            |       |    13 |   302 |   397 ||   712
       Quick blade       |       |       |       |    13 ||    13
 Cast: Corona            |    17 |     4 |     4 |    10 ||    35
       Ensorcelled Hiber |    16 |    25 |     8 |    34 ||    83
       Confusing Touch   |       |     2 |       |       ||     2
       Confuse           |       |       |     7 |    29 ||    36
       Tukima's Dance    |       |       |       |     3 ||     3
Invok: Lunge             |       |       |    27 |    61 ||    88
       Whirlwind         |       |       |     1 |    21 ||    22
       Wall Jump         |       |       |       |     8 ||     8
Evoke: Wand              |       |       |       |    13 ||    13
  Use: Potion            |     1 |       |     1 |     9 ||    11
       Scroll            |       |    12 |     4 |     8 ||    24
 Stab: Sleeping          |    12 |    27 |    26 |    39 ||   104
       Distracted        |       |     1 |     1 |     2 ||     4
       Confused          |       |       |     1 |     7 ||     8
       Paralysed         |       |       |       |     3 ||     3
  Eat: Chunk             |    15 |     9 |    21 |    26 ||    71
       Ration            |     1 |       |       |       ||     1
Armor: Robe              |    16 |    22 |       |    35 ||    73
       Leather armour    |       |     5 |   101 |    62 ||   168
Dodge: Dodged            |    73 |    56 |   128 |   166 ||   423
Block: Large shield      |       |       |     1 |       ||     1
